 Dungeon Crawl Stone Soup version 0.30-a0-365-ge7f957f1db (webtiles) character file.

Game seed: 4792597555479358407

532 qeuew the Shooter (level 7, -1/35 HPs)
             Began as a Spriggan Hunter on Nov 17, 2022.
             Was an Initiate of Dithmenos.
             Slain by a killer bee (7 damage)
             ... on level 5 of the Dungeon.
             The game lasted 00:06:18 (4058 turns).

qeuew the Shooter (Spriggan Hunter)                 Turns: 4058, Time: 00:06:19

Health: -1/35      AC:  2    Str:  7    XL:     7   Next: 3%
Magic:  8/8        EV: 20    Int: 10    God:    Dithmenos [......]
Gold:   321        SH:  0    Dex: 21    Spells: 6/6 levels left

rFire   + . .      SeeInvis +    a - +0 shortbow
rCold   . . .      Faith    .    (shield currently unavailable)
rNeg    . . .      Spirit   .    c - +0 robe
rPois   +          Reflect  .    (helmet restricted)
rElec   .          Harm     .    (no cloak)
rCorr   .          Rampage  .    (gloves unavailable)
Will    +....                    (boots unavailable)
Stlth   +++.......               (no amulet)
HPRegen 0.25/turn                h - ring of poison resistance
MPRegen 0.11/turn                d - ring of protection from fire

@: very quick
A: very small, no large weapons, unfitting armour, see invisible, speed 3
a: Renounce Religion


You were on level 5 of the Dungeon.
You worshipped Dithmenos.
Dithmenos was noncommittal.
You visited 1 branch of the dungeon, and saw 6 of its levels.

You collected 321 gold pieces.

Inventory:

Hand Weapons
 a - a +0 shortbow (weapon)
 i - a +0 short sword
Missiles
 n - 2 throwing nets
Armour
 c - a +0 robe (worn)
Jewellery
 d - a ring of protection from fire (right hand)
 h - a ring of poison resistance (left hand)
Wands
 e - a wand of digging (6)
 f - a wand of roots (9)
Scrolls
 j - 2 scrolls of butterflies
Potions
 b - a potion of berserk rage
 k - a potion of flight
 m - 2 potions of curing


   Skills:
 + Level 2.7 Fighting
 + Level 2.5 Short Blades
 * Level 5.8 Ranged Weapons
 + Level 4.6 Dodging
 + Level 4.6 Stealth
 + Level 1.2 Invocations
 + Level 1.6 Evocations


You had 6 spell levels left.
You didn't know any spells.
Your spell library contained the following spells:

 Spells                   Type           Power      Damage    Failure   Level
 Call Canine Familiar     Summ           0%         N/A       75%         3
 Gell's Gravitas          Tloc           0%         N/A       75%         3
 Lesser Beckoning         Tloc           0%         N/A       75%         3
 Portal Projectile        Hex/Tloc       0%         N/A       75%         3
 Stone Arrow              Conj/Erth      0%         3d7       75%         3
 Teleport Other           Tloc           0%         N/A       75%         3
 Animate Armour           Summ/Erth      0%         N/A       98%         4
 Leda's Liquefaction      Hex/Erth       0%         N/A       98%         4
 Lehudib's Crystal Spear  Conj/Erth      0%         10d2      100%        8


Dungeon Overview and Level Annotations

Branches:
Dungeon (6/15)
 Temple: D:4-7

Altars:
Ashenzari
Dithmenos
Makhleb
Ru

Shops:
D:1 *

Annotations:
D:6 Dowan


Innate Abilities, Weirdness & Mutations

You are very small and have problems with some larger weapons.
You are too small for most types of armour.
You have supernaturally acute eyesight. (SInv)
You cover ground extremely quickly. (Speed+++)


Message History

Fire: a) +0 shortbow
Press: ? - help, Q - select action, (/) - cycle Shift-Dir - straight line, f/p - killer bee
Aim: a killer bee (40% to hit)
You shoot an arrow. The arrow misses the killer bee.
The killer bee barely misses you. The killer bee completely misses you.
Unknown command.
Fire: a) +0 shortbow
Press: ? - help, Q - select action, (/) - cycle Shift-Dir - straight line, f/p - killer bee
Aim: a killer bee (40% to hit)
You shoot an arrow. The arrow hits the killer bee.
The killer bee is moderately wounded.
The killer bee misses you. The killer bee barely misses you.
The killer bee misses you.
Fire: a) +0 shortbow
Press: ? - help, Q - select action, (/) - cycle Shift-Dir - straight line, f/p - killer bee
Aim: a killer bee (moderately wounded, 40% to hit)
You shoot an arrow. The arrow barely misses the killer bee.
The killer bee stings you! The killer bee misses you.
Unknown command.
Fire: a) +0 shortbow
Press: ? - help, Q - select action, (/) - cycle Shift-Dir - straight line, f/p - killer bee
Aim: a killer bee (moderately wounded, 40% to hit)
You shoot an arrow. The arrow hits the killer bee!
The killer bee is severely wounded.
The killer bee completely misses you. The killer bee stings you.
The killer bee closely misses you.
Fire: a) +0 shortbow
Press: ? - help, Q - select action, (/) - cycle Shift-Dir - straight line, f/p - killer bee
Aim: a killer bee (severely wounded, 40% to hit)
You shoot an arrow.
The arrow closely misses the killer bee.
The killer bee stings you! x2
* * * LOW HITPOINT WARNING * * *
Fire: a) +0 shortbow
Press: ? - help, Q - select action, (/) - cycle Shift-Dir - straight line, f/p - killer bee
Aim: a killer bee (severely wounded, 40% to hit)
You shoot an arrow.
The arrow completely misses the killer bee.
The killer bee misses you. x2; The killer bee stings you!
You die...

##.....# #......#
#...######## ###
#...#_+....# ##.#
#...######.####..###
#......# #.#..#....#
##...§.###.)..##...#######
#.....#.#y..[#.)#...#...##
###...#.#@......#........#
##...................#..
#..###...........######.
#...##........<..####...
###...............#...(..
#........................
#.....##.................
###...##................#
####.............†..##.


You could see a killer bee.

Vanquished Creatures
  An ice beast (D:5)
  An ogre (D:4)
  A scorpion (D:6)
  2 howler monkeys (D:5)
  A hound (D:4)
  Ijyb (D:3)
  An iguana (D:4)
  4 gnolls (D:2)
  3 adders
  A shadow imp (D:4)
  3 dart slugs
  5 orcs
  2 bats (D:2)
  2 endoplasms
  4 giant cockroaches
  10 goblins
  7 hobgoblins
  6 kobolds
  A quokka (D:5)
  4 ball pythons
  5 frilled lizards
  7 rats
72 creatures vanquished.

Vanquished Creatures (others)
  A fungus (D:2)
1 creature vanquished.

Grand Total: 73 creatures vanquished

Notes
Turn   | Place    | Note
-------+----------+-------------------------------------------
     0 | D:1      | qeuew the Spriggan Hunter began the quest for the Orb.
     0 | D:1      | Reached XP level 1. HP: 10/10 MP: 2/2
    60 | D:1      | Reached XP level 2. HP: 15/15 MP: 3/3
   135 | D:1      | Found Xinan's General Store.
   629 | D:2      | Reached XP level 3. HP: 18/18 MP: 4/4
   736 | D:3      | Found a burning altar of Makhleb.
  1185 | D:2      | Reached XP level 4. HP: 23/23 MP: 5/5
  1188 | D:2      | Reached skill level 1 in Short Blades
  1856 | D:3      | Found a shadowy altar of Dithmenos.
  1876 | D:3      | Found a sacrificial altar of Ru.
  1902 | D:3      | Became a worshipper of Dithmenos the Shadowed
  1941 | D:3      | You fall into a shaft and drop 2 floors!
  1941 | D:5      | Entered Level 5 of the Dungeon
  1956 | D:5      | Reached XP level 5. HP: 26/26 MP: 6/6
  2016 | D:5      | Reached skill level 5 in Ranged Weapons
  2423 | D:3      | Noticed Ijyb
  2436 | D:3      | Killed Ijyb
  2640 | D:5      | Found a broken altar of Ashenzari.
  2658 | D:5      | Noticed a troll
  2943 | D:4      | Noticed an ogre
  2954 | D:4      | Killed an ogre
  2955 | D:4      | Reached XP level 6. HP: 32/32 MP: 7/7
  3542 | D:5      | Noticed a water moccasin
  3542 | D:5      | Noticed a vampire
  3542 | D:5      | Noticed a kobold demonologist
  3611 | D:5      | Noticed an ice beast
  3627 | D:5      | Killed an ice beast
  3628 | D:5      | Reached skill level 1 in Evocations
  3929 | D:5      | Reached skill level 1 in Invocations
  3972 | D:6      | Reached XP level 7. HP: 28/35 MP: 8/8
  4022 | D:6      | Noticed Dowan
  4058 | D:5      | Slain by a killer bee

Illustrated notes

Levels and vault maps discovered:
D:1:      lemuel_arrival_funnel, layout_rooms, serial_shops,
          nicolae_shop_behind_doors, nicolae_titane
D:2:      layout_basic, dreamdust_mushroom_princess, minmay_vboxes
D:3:      layout_basic, lemuel_tele_altar, mainiacjoe_overflow_large_starburst,
          uniq_ijyb
D:4:      layout_loops_corners, minmay_misc_feat_doors
D:5:      layout_cave_pools, ashenzari_conservatory_becter,
          hangedman_decor_slide_cut, lightli_corner_chamber
D:6:      cheibrodos_helix_gallery, layout_basic, minmay_temple_entry_offerings,
          uniq_eustachio, uniq_crazy_yiuf_cottage, uniq_duvessa

Skill      XL: |  1  2  3  4  5  6 |
---------------+-------------------+-----
Stealth        | 2 3 4 |  4.6
Dodging        | 3 4 |  4.6
Fighting       | 2 |  2.7
Short Blades   | 1 2 |  2.5
Ranged Weapons | 5 |  5.8
Evocations     | 1 |  1.6
Invocations    | 1 |  1.2

Action                   |  1- 3 |  4- 6 |  7- 9 || total
-------------------------+-------+-------+-------++-------
 Fire: Shortbow          |   129 |   146 |    15 ||   290
  Use: Scroll            |     2 |     7 |       ||     9
       Potion            |     2 |     6 |     1 ||     9
Armor: Robe              |     5 |     4 |     2 ||    11
Dodge: Dodged            |    51 |    53 |    32 ||   136

Table legend: (Time is in decaauts)
 A = Elapsed time spent in this place.
 B = Non-inter-level travel time spent in this place.
 C = Inter-level travel time spent in this place.
 D = Time resting spent in this place.
 E = Time spent auto-exploring this place.
 F = Levels seen in this place.
 G = Mean time per level.
                   A        B        C        D        E       F      G
               +--------+--------+--------+--------+--------+-----+--------+
         Total |   2834 |   2728 |    106 |    143 |   1970 |   6 |  472.3 |
       Dungeon |   2834 |   2728 |    106 |    143 |   1970 |   6 |  472.3 |
               +--------+--------+--------+--------+--------+-----+--------+

Top non-repeatable levels by time:
     D:4: 717 daAuts
     D:2: 667 daAuts
     D:3: 522 daAuts
     D:5: 461 daAuts
     D:1: 385 daAuts
     D:6: 80 daAuts
